 Dungeon Crawl Stone Soup version 0.19.5 (webtiles) character file.

723 McKennaii the Magician (level 7, -3/37 HPs)
             Began as a Deep Elf Fire Elementalist on May 11, 2017.
             Was a Follower of Vehumet.
             Shot with an arrow by a centaur (15 damage)
             ... on level 7 of the Dungeon.
             The game lasted 00:09:42 (4441 turns).

McKennaii the Magician (Deep Elf Fire Elementalist) Turns: 4441, Time: 00:09:43

Health: -3/37      AC:  4    Str:  5    XL:     7   Next: 43%
Magic:  17/19      EV: 13    Int: 28    God:    Vehumet [*.....]
Gold:   327        SH:  0    Dex: 15    Spells: 4 memorised, 8 levels left

rFire  . . .     SeeInvis .     (no weapon)
rCold  . . .     Gourm    .     a - +0 robe
rNeg   . . .     Faith    .     (no shield)
rPois  .         Spirit   .     v - +0 helmet
rElec  .         Reflect  .     (no cloak)
rCorr  .         Harm     .     t - +0 pair of gloves
MR     .....                    (no boots)
Stlth  +++.......               f - amulet of magic regeneration
                                (no ring)
                                s - +6 ring of intelligence

@: no status effects
A: no striking features
a: Renounce Religion


You were on level 7 of the Dungeon.
You worshipped Vehumet.
Vehumet was aware of your devotion.
You were not hungry.

You visited 1 branch of the dungeon, and saw 7 of its levels.

You collected 327 gold pieces.

Inventory:

Armour
 a - a +0 robe (worn)
 t - a +0 pair of gloves (worn)
 v - a +0 helmet (worn)
Jewellery
 f - an amulet of magic regeneration (around neck)
 j - an uncursed amulet of the gourmand
 s - a +6 ring of intelligence (left hand)
Scrolls
 e - 2 scrolls of fog {unknown}
 g - 3 scrolls of teleportation
 h - 6 scrolls of identify
 n - a scroll of enchant weapon
 o - 2 scrolls of recharging {unknown}
Potions
 i - 4 potions of flight
 k - 3 potions of ambrosia {unknown}
 m - 2 potions of berserk rage
 p - a potion of mutation {unknown}
 q - 3 potions of haste {unknown}
 r - a potion of curing {unknown}
 u - 2 potions of degeneration {unknown}
Books
 b - a book of Flames

   Spells                             Type                      Level
   a - Flame Tongue                   Conjuration/Fire             1
   b - Throw Flame                    Conjuration/Fire             2
   c - Conjure Flame                  Conjuration/Fire             3
   d - Inner Flame                    Hexes/Fire                   3
   e - Sticky Flame                   Conjuration/Fire             4
   f - Fireball                       Conjuration/Fire             5
Comestibles
 c - 4 bread rations
 d - 6 beef jerkies
 l - a meat ration
 w - a royal jelly


   Skills:
 + Level 0.4 Fighting
 + Level 3.2 Dodging
 + Level 3.7 Stealth
 + Level 6.9 Spellcasting
 + Level 3.7 Conjurations
 + Level 6.2 Fire Magic


You had 8 spell levels left.
You knew the following spells:

 Your Spells              Type           Power        Failure   Level  Hunger
a - Flame Tongue          Conj/Fire      #####        1%          1    None
b - Throw Flame           Conj/Fire      #####.       1%          2    None
c - Conjure Flame         Conj/Fire      #####...     1%          3    None
f - Fireball              Conj/Fire      #####.....   21%         5    #####..


Dungeon Overview and Level Annotations

Branches:
Dungeon (7/15)             Temple (0/1) D:4

Altars:
Gozag
Okawaru
Ru
Sif Muna
Trog
Vehumet
Xom

Annotations:
D:6 Dowan; Duvessa; Turtleman12345's ghost, novice TeCj


Message History

A centaur is nearby!
Casting: Flame Tongue
Confirm with . or Enter, or press ? or * to list all spells.
Aiming: Conjure Flame
Press: ? - help, Dir - move target cursor, f - you
Okay, then.
Casting: Conjure Flame
Confirm with . or Enter, or press ? or * to list all spells.
Aiming: Conjure Flame
Press: ? - help, Dir - move target cursor The fire roars!
The centaur shouts!
The centaur wields a shortbow.
The centaur shoots an arrow.
The arrow hits you!
Casting: Conjure Flame
Confirm with . or Enter, or press ? or * to list all spells.
You can't see any susceptible monsters within range! (Use Z to cast anyway.)
The centaur shoots an arrow.
The arrow hits you!
You see here an arrow.
The centaur shoots an arrow.
The arrow hits you!
You die...

########## #........##
.......##...##############
###$##...................#
.. #..#(.@############.# #
#..##(## #.# #. #.#
###.### #. #ยง#
########...... #c #.#
#.........#<## #.#
#.######.###.# .c# #.##
##. ... ##.###.# ###
#..#.##


You could see a centaur.

Vanquished Creatures
  The ghost of McKennaii the Firebug, an amateur DEFE (D:3)
  An ogre (D:7)
  A bullfrog (D:6)
  A howler monkey (D:5)
  A quasit (D:7)
  An iguana (D:4)
  3 orc wizards
  3 worker ants
  9 adders
  An ooze (D:3)
  An adder skeleton (D:4)
  3 worms
  A dart slug (D:4)
  3 leopard geckos
  16 orcs
  11 bats
  7 giant cockroaches
  5 goblins
  13 hobgoblins
  9 jackals
  4 quokkas
  2 ball pythons
  4 frilled lizards
  A jackal skeleton (D:4)
  7 kobolds
  A leopard gecko zombie (D:5)
  A quokka skeleton (D:5)
  11 rats
122 creatures vanquished.

Notes
Turn   | Place    | Note
-------+----------+-------------------------------------------
     0 | D:1      | McKennaii the Deep Elf Fire Elementalist began the quest for the Orb.
     0 | D:1      | Reached XP level 1. HP: 10/10 MP: 6/6
   157 | D:1      | Reached XP level 2. HP: 15/15 MP: 6/8
   484 | D:2      | Reached XP level 3. HP: 18/19 MP: 5/10
   882 | D:2      | Found a sacrificial altar of Ru.
   942 | D:2      | Reached XP level 4. HP: 17/24 MP: 7/12
  1454 | D:3      | Found a bloodstained altar of Trog.
  1577 | D:3      | Noticed McKennaii's ghost (amateur DEFE)
  1620 | D:2      | Learned a level 2 spell: Throw Flame
  1624 | D:2      | Learned a level 3 spell: Conjure Flame
  1749 | D:3      | Found a radiant altar of Vehumet.
  1767 | D:3      | Became a worshipper of Vehumet
  1862 | D:3      | Found a deep blue altar of Sif Muna.
  1905 | D:3      | Killed McKennaii's ghost
  1905 | D:3      | Reached skill level 5 in Spellcasting
  1905 | D:3      | Reached skill level 5 in Fire Magic
  1905 | D:3      | Reached XP level 5. HP: 7/28 MP: 4/14
  2242 | D:4      | Found a staircase to the Ecumenical Temple.
  2292 | D:4      | Reached XP level 6. HP: 13/33 MP: 8/16
  2433 | D:4      | Learned a level 5 spell: Fireball
  2644 | D:4      | Found a shimmering altar of Xom.
  3128 | D:5      | Entered Level 5 of the Dungeon
  3612 | D:5      | Found an iron altar of Okawaru.
  3624 | D:5      | Reached XP level 7. HP: 27/37 MP: 10/18
  3951 | D:6      | Noticed a hippogriff
  4070 | D:6      | Noticed Duvessa
  4070 | D:6      | Noticed Dowan
  4101 | D:6      | Found an opulent altar of Gozag.
  4108 | D:6      | Noticed Turtleman12345's ghost (novice TeCj)
  4372 | D:7      | Reached * piety under Vehumet
  4372 | D:7      | Offered knowledge of Shock by Vehumet.
  4441 | D:7      | Shot with an arrow by a centaur

Skill      XL: |  1  2  3  4  5  6  7 |
---------------+----------------------+-----
Fire Magic     | 4 5 6 |  6.2
Spellcasting   | 4 5 6 |  6.9
Stealth        | 3 |  3.7
Conjurations   | 2 3 |  3.7
Dodging        | 3 |  3.2
Fighting       | |  0.4

Action                   |  1- 3 |  4- 6 |  7- 9 || total
-------------------------+-------+-------+-------++-------
Melee: Unarmed           |     1 |     4 |       ||     5
 Cast: Flame Tongue      |    71 |   147 |    23 ||   241
       Conjure Flame     |       |     1 |     4 ||     5
       Throw Flame       |       |     2 |     3 ||     5
       Fireball          |       |       |     1 ||     1
  Use: Scroll            |       |     5 |       ||     5
  Eat: Chunk             |    11 |     6 |       ||    17
Armor: Robe              |     6 |    17 |    10 ||    33
Dodge: Dodged            |    28 |    49 |    19 ||    96
